[Event "Late-Titled-Tuesday-Blitz-September-26-2023"]
[Site "Chess.com"]
[Date "2023.09.26"]
[Round "1"]
[White "DefiantChair"]
[Black "Dewarfd"]
[Result "0-1"]
[WhiteElo "2547"]
[BlackElo "2224"]
[TimeControl "180+1"]
[EndTime "14:06:09 PDT"]
[Termination "Dewarfd won by resignation"]

1. e4 e5 2. Nf3 Nc6 3. Bb5 Nf6 4. d3 Ne7 5. O-O c6 6. Ba4 Ng6 7. d4 d6 8. d5 Qc7 9. c4 Be7 10. Nc3 O-O 11. h3 cxd5 12. cxd5 a6 13. Bg5 h6 14. Bxf6 Bxf6 15. Rc1 Qa5 16. Bb3 Bd7 17. Re1 Rfc8 18.
Ne2 Bg5 19. Nxg5 hxg5 20. Rc3 Rxc3 21. Nxc3 Nf4 22. Qf3 Rc8 23. Rd1 b5 24. Kh2 Qd8 25. a3 Qf6 26. Ne2 Qg6 27. Ng3 g4 28. Qe3 gxh3 29.
gxh3 Bxh3 30. Rc1 Qh6 31. Kg1 Rxc1+ 32. Qxc1 Bg4 33. Kf1 Qh3+ 34. Ke1 Nd3+ 0-1

[Event "Late-Titled-Tuesday-Blitz-September-26-2023"]
[Site "Chess.com"]
[Date "2023.09.26"]
[Round "1"]
[White "ChadBiryani"]
[Black "0gZPanda"]
[Result "0-1"]
[WhiteElo "2499"]
[BlackElo "3052"]
[TimeControl "180+1"]
[EndTime "14:06:10 PDT"]
[Termination "0gZPanda won by checkmate"]

1. d4 Nf6 2. Bf4 c5 3. e3 d5 4.
dxc5 Nc6 5. Bb5 e6 6. b4 a5 7.
c3 Ne4 8. Nf3 Bd7 9. Bxc6 Bxc6 10.
O-O axb4 11. cxb4 Be7 12. Nbd2 Nc3 13. Qb3 Ne2+ 14. Kh1 d4 15. Qd3 Nxf4 16. exf4 Bf6 17. b5 Bd5 18. a4 Qc7 19. g3 Qxc5 20. Rfc1 Qd6 21. Kg1 O-O 22. a5 h6 23. Ra4 Rfc8 24.
Rxc8+ Rxc8 25. Nxd4 Rc1+ 26. Nf1 Qc5 27. Ne2 Bc4 28. Qd2 Rb1 29. a6 Qxb5 30. Ra5 Qc6 31. a7 Rxf1+ 32. Kxf1 Qh1# 0-1

[Event "Late-Titled-Tuesday-Blitz-September-26-2023"]
[Site "Chess.com"]
[Date "2023.09.26"]
[Round "1"]
[White "egnfanclub"]
[Black "Alexei_Gubajdullin"]
[Result "0-1"]
[WhiteElo "2385"]
[BlackElo "2679"]
[TimeControl "180+1"]
[EndTime "14:06:11 PDT"]
[Termination "Alexei_Gubajdullin won by resignation"]

1. e4 g6 2. Nc3 Bg7 3. f4 c5 4. Nf3 Nc6 5. Bc4 d6 6. d3 Nf6 7.
O-O O-O 8. Qe1 e6 9. Bb3 d5 10. f5 dxe4 11. dxe4 exf5 12. e5 Ng4 13. Bg5 Qa5 14.
Qh4 c4 15. Ba4 Ncxe5 16. Be7 Nxf3+ 17. gxf3 Qb6+ 18. Kh1 Bf6 19. Bxf6 Qxf6 20. Qe1 Ne5 21. Nd5 Qg7 22. Qh4 b5 23. Bxb5 Bb7 24. Rad1 g5 25. Qd4 g4 26. Bxc4 Nxf3 27. Nf6+ Kh8 28.
Rxf3 Bxf3+ 29. Kg1 Bxd1 0-1

[Event "Late-Titled-Tuesday-Blitz-September-26-2023"]
[Site "Chess.com"]
[Date "2023.09.26"]
[Round "1"]
[White "PawnEatingZombie"]
[Black "IMRosen"]
[Result "0-1"]
[WhiteElo "2133"]
[BlackElo "2550"]
[TimeControl "180+1"]
[EndTime "14:06:11 PDT"]
[Termination "IMRosen won by checkmate"]

1. e4 c5 2. c3 d5 3. exd5 Qxd5 4. d4 Nf6 5. Nf3 e6 6. Be3 cxd4 7. cxd4 Nc6 8. Nc3 Qd6 9. Bd3 Be7 10. O-O O-O 11. Qe2 Nb4 12. Bb1 a6 13. Rd1 b5 14. a3 Nbd5 15. Ne5 Bb7 16. Bg5 Rac8 17. Nxd5 Qxd5 18. f3 h6 19. Bxf6 Bxf6 20. Be4 Qb3 21. Bxb7 Rc2 22. Qf1 Qxb2 23. Bxa6 Rd8 24. Bxb5 Rxd4 25. Ng4 Bg5 26. a4 h5 27. a5 hxg4 28. fxg4 Be3+ 29. Kh1 Rf2 30.
Qe1 Rxg2 31. Qf1 Rxh2# 0-1

[Event "Late-Titled-Tuesday-Blitz-September-26-2023"]
[Site "Chess.com"]
[Date "2023.09.26"]
[Round "1"]
[White "lefonghua"]
[Black "GAO"]
[Result "1-0"]
[WhiteElo "2641"]
[BlackElo "2334"]
[TimeControl "180+1"]
[EndTime "14:06:12 PDT"]
[Termination "lefonghua won by checkmate"]

1. d4 Nf6 2. c4 e6 3. Nc3 Bb4 4. f3 d5 5. a3 Bxc3+ 6. bxc3 c5 7.
cxd5 exd5 8. e3 O-O 9. Bd3 Nc6 10.
Ne2 b6 11. O-O a5 12. Ng3 Ba6 13. Bb2 Re8 14. Bxa6 Rxa6 15. Qd3 Ra7 16. e4 cxd4 17. cxd4 g6 18. e5 Nd7 19. f4 Nf8 20. f5 Qg5 21.
Bc1 Qd8 22. Be3 a4 23. Qd2 Na5 24. Bg5 f6 25. Bxf6 Qd7 26. e6 Qb5 27. Qh6 Qd3 28. Rad1 Qxa3 29. fxg6 Nxg6 30. Nf5 Nc4 31. e7 Qb2 32. Qg7# 1-0

[Event "Late-Titled-Tuesday-Blitz-September-26-2023"]
[Site "Chess.com"]
[Date "2023.09.26"]
[Round "1"]
[White "cukus"]
[Black "filipluczak05"]
[Result "0-1"]
[WhiteElo "2377"]
[BlackElo "2680"]
[TimeControl "180+1"]
[EndTime "14:06:13 PDT"]
[Termination "filipluczak05 won on time"]

1. d4 g6 2. e4 Bg7 3. Nc3 c5 4. Nf3 Nc6 5. d5 Nd4 6. Be3 Qb6 7. Rb1 Nxf3+ 8. gxf3 a6 9. h4 h5 10. Qd2 d6 11. Be2 Qa5 12. f4 Nf6 13. e5 Ng4 14. e6 fxe6 15. Bd3 exd5 16. Bxg6+ Kd8 17. Nxd5 Qxd2+ 18. Kxd2 b5 19. Nb6 Rb8 20. Nxc8 Rxc8 21. Be4 Rc7 22. Rhg1 Bf6 23. c3 Bxh4 24. f3 Nxe3 25.
Kxe3 Bf6 26. Bf5 c4 27. Ke4 Rc5 28. Rbd1 h4 29. Rh1 Kc7 30. Rd5 Kb6 31. Bh3 a5 32.
Rg1 Rxd5 33. Kxd5 Rh5+ 34. Ke6 b4 35. Rg8 bxc3 36. bxc3 Kc7 37. Ra8 Rb5 38. Ra7+ Kb6 39. Ra8 Kb7 40. Rf8 Rb2 41. Rf7 Re2+ 0-1

[Event "Late-Titled-Tuesday-Blitz-September-26-2023"]
[Site "Chess.com"]
[Date "2023.09.26"]
[Round "1"]
[White "dodoucb"]
[Black "Jospem"]
[Result "0-1"]
[WhiteElo "2496"]
[BlackElo "2994"]
[TimeControl "180+1"]
[EndTime "14:06:14 PDT"]
[Termination "Jospem won by resignation"]

1. d4 Nf6 2. Nf3 e6 3. c4 Bb4+ 4. Bd2 c5 5. a3 Bxd2+ 6. Qxd2 b6 7. Nc3 O-O 8. e4 cxd4 9. Nxd4 Nc6 10.
Be2 Bb7 11. O-O Qe7 12. Rad1 Rfd8 13. Qe3 d6 14. f4 Rac8 15. b3 Na5 16. Rfe1 g6 17. Bf3 e5 18. Ndb5 Bc6 19. Nd5 Nxd5 20. exd5 Bxb5 21. cxb5 f6 22. Rc1 Rxc1 23. Rxc1 Rf8 24.
b4 Nb7 25. Rc6 Nd8 26. Rc3 Nf7 27. h3 f5 28. Bd1 Re8 29. Qc1 exf4 30. Kh2 Qe5 31.
Bf3 g5 32. Rc7 g4 33. hxg4 fxg4 34. Bxg4 f3+ 35. g3 0-1

[Event "Late-Titled-Tuesday-Blitz-September-26-2023"]
[Site "Chess.com"]
[Date "2023.09.26"]
[Round "1"]
[White "The_Princess_Moon"]
[Black "Aariow"]
[Result "0-1"]
[WhiteElo "2270"]
[BlackElo "2595"]
[TimeControl "180+1"]
[EndTime "14:06:21 PDT"]
[Termination "Aariow won by checkmate"]

1. e4 c5 2. Nf3 Nc6 3. Bb5 g6 4.
Bxc6 dxc6 5. h3 Bg7 6. O-O e5 7. Re1 f6 8. d3 Nh6 9. Be3 b6 10.
a3 O-O 11. b4 cxb4 12. axb4 Nf7 13. c3 f5 14. Qc2 f4 15. Bc1 g5 16. d4 g4 17. hxg4 Bxg4 18. Nxe5 Bxe5 19. dxe5 Nxe5 20. Nd2 Nd3 21. Rf1 Be2 22. Qb3+ Rf7 23. Nc4 Bxf1 24. Kxf1 Qh4 25. Qc2 f3 26. Qxd3 Qh1# 0-1

[Event "Late-Titled-Tuesday-Blitz-September-26-2023"]
[Site "Chess.com"]
[Date "2023.09.26"]
[Round "1"]
[White "Roenko_Artur"]
[Black "BlueWizzard"]
[Result "0-1"]
[WhiteElo "2460"]
[BlackElo "2883"]
[TimeControl "180+1"]
[EndTime "14:06:22 PDT"]
[Termination "BlueWizzard won on time"]

1. e4 c6 2. Nc3 a6 3. Nf3 d5 4. d4 Bg4 5. e5 e6 6. Bd3 c5 7.
dxc5 Nc6 8. O-O Nxe5 9. Be2 Nc6 10. Be3 Nge7 11. Nd4 Bxe2 12. Ncxe2 Qc7 13. c3 Ng6 14. b4 Be7 15. Ng3 h5 16. Re1 h4 17.
Nh5 Kf8 18. Qf3 Kg8 19. Qg4 Nce5 20. Qe2 Nc4 21. Qg4 Nce5 22. Qe2 Qd7 23. a4 Rh7 24. Bc1 a5 25. Bd2 Nc4 26. Bc1 Re8 27. Qg4 Nge5 28. Qe2 g6 29. Nf4 axb4 30. cxb4 b6 31. cxb6 Bxb4 32.
Rd1 h3 33. g3 Bc3 34. Rb1 Rb8 35. a5 Bxa5 0-1

[Event "Late-Titled-Tuesday-Blitz-September-26-2023"]
[Site "Chess.com"]
[Date "2023.09.26"]
[Round "1"]
[White "valemava"]
[Black "rychessmaster1"]
[Result "0-1"]
[WhiteElo "2406"]
[BlackElo "2720"]
[TimeControl "180+1"]
[EndTime "14:06:22 PDT"]
[Termination "rychessmaster1 won by checkmate"]

1. Nf3 d5 2. c4 e6 3. b3 Be7 4.
Bb2 Bf6 5. Qc1 Bxb2 6. Qxb2 Qf6 7. Qxf6 Nxf6 8. d3 b6 9. Nc3 Bb7 10. g3 Nbd7 11. Bg2 Ke7 12. Rc1 Rac8 13. Nd2 c5 14.
O-O Rhd8 15. Rfd1 Ba8 16. Nf1 d4 17. Nb5 Bxg2 18. Kxg2 Ne5 19. h3 Nc6 20. a3 a6 21. e4 axb5 22. cxb5 Na5 23. Rb1 Ra8 24. Nd2 Ne8 25. f4 Ra7 26. Kf3 Rda8 27. Rdc1 Nd6 28.
b4 Nab7 29. e5 Nxb5 30. bxc5 Nc3 31. Rxb6 Nxc5 32. Nc4 Nxd3 33. Ra1 Nc5 34. Nd6 Nd7 35. Rc6 Rxa3 36. Rxa3 Rxa3 37. Kg4 Ne2 38. Rc8 Rxg3+ 39. Kh4 g5+ 40. fxg5 Nxe5 41. Ne4 Ng6+ 42. Kh5 Rxh3+ 43.
Kg4 Rh4+ 44. Kf3 Ng1+ 45. Kf2 Rxe4 46. Rc7+ Kd6 47. Rxf7 Nh3+ 48. Kg3 Nxg5 49. Ra7 d3 50. Ra3 Rd4 51. Kf2 d2 52. Ra6+ Ke5 53. Ra5+ Kf4 54. Ra1 d1=R 55. Ra3 Nh3+ 56. Kg2 R4d2+ 57. Kxh3 Rh1# 0-1

[Event "Late-Titled-Tuesday-Blitz-September-26-2023"]
[Site "Chess.com"]
[Date "2023.09.26"]
[Round "1"]
[White "HamedWafa4"]
[Black "YouShallNotPass001"]
[Result "1-0"]
[WhiteElo "2647"]
[BlackElo "2335"]
[TimeControl "180+1"]
[EndTime "14:06:23 PDT"]
[Termination "HamedWafa4 won on time"]

1. e4 e6 2. d4 d5 3. e5 c5 4. c3 Nc6 5. Nf3 Bd7 6. Be2 Rc8 7. O-O h6 8. Be3 Nge7 9. dxc5 Ng6 10. Bd4 Qc7 11. Bb5 Ncxe5 12. Nxe5 Nxe5 13. Bxe5 Qxe5 14. Bxd7+ Kxd7 15. Re1 Qf4 16. g3 Qc4 17. Qf3 f6 18. b4 b6 19. Nd2 Qa6 20. c4 d4 21.
b5 Qa5 22. c6+ Kc7 23. Nb3 Qc3 24. Qg4 Qxc4 25. Rxe6 Rd8 26. Rae1 Kb8 27. Qf4+ Kc8 28. Re7 Bxe7 29. Rxe7 1-0

[Event "Late-Titled-Tuesday-Blitz-September-26-2023"]
[Site "Chess.com"]
[Date "2023.09.26"]
[Round "1"]
[White "expii"]
[Black "Mikhail_Golubev"]
[Result "0-1"]
[WhiteElo "2251"]
[BlackElo "2589"]
[TimeControl "180+1"]
[EndTime "14:06:25 PDT"]
[Termination "Mikhail_Golubev won by resignation"]

1. e4 c5 2. Nf3 d6 3. d4 Nf6 4.
dxc5 Nxe4 5. cxd6 Nc6 6. Bd3 Nxd6 7. O-O g6 8. Nc3 Bg7 9. Bf4 O-O 10. Rb1 Bf5 11.
Bxd6 Qxd6 12. Bxf5 Qxd1 13. Rbxd1 gxf5 14. Nd5 e6 15. Nf4 Rfd8 16. c3 b5 17. Rfe1 Kf8 18. h4 Rxd1 19.
Rxd1 Ke7 20. Ng5 h6 21. Nf3 a5 22. Nd3 b4 23. cxb4 axb4 24. Nc5 Bxb2 25. Rd7+ Kf6 26. Rc7 Nd4 27. Nxd4 Bxd4 28. Nd7+ Kg7 0-1

[Event "Late-Titled-Tuesday-Blitz-September-26-2023"]
[Site "Chess.com"]
[Date "2023.09.26"]
[Round "1"]
[White "Danishcrown"]
[Black "Chessdreamer2020"]
[Result "0-1"]
[WhiteElo "2121"]
[BlackElo "2539"]
[TimeControl "180+1"]
[EndTime "14:06:26 PDT"]
[Termination "Chessdreamer2020 won on time"]

1. d4 d6 2. Nf3 Bg4 3. c4 Bxf3 4.
exf3 g6 5. Bd3 Bg7 6. Be3 e6 7. Nc3 Ne7 8. Qb3 b6 9. h4 O-O 10. h5 Nbc6 11. hxg6 hxg6 12. Ne2 d5 13. Rc1 dxc4 14.
Qxc4 Rc8 15. Be4 Na5 16. Qb5 c6 17. Qg5 Nd5 18. Qg4 Nxe3 19. fxe3 f5 20. Qxg6 fxe4 21. Qxe6+ Rf7 22. Nf4 exf3 23. Qh3 fxg2 24. Qh7+ Kf8 25.
Ng6+ Ke8 26. Qg8+ Bf8 27. Rg1 Qf6 0-1

[Event "Late-Titled-Tuesday-Blitz-September-26-2023"]
[Site "Chess.com"]
[Date "2023.09.26"]
[Round "1"]
[White "infinitegiantkiller"]
[Black "AradNazari"]
[Result "1-0"]
[WhiteElo "2447"]
[BlackElo "2771"]
[TimeControl "180+1"]
[EndTime "14:06:30 PDT"]
[Termination "infinitegiantkiller won by resignation"]

1. Nf3 c5 2. g3 g6 3. Bg2 Bg7 4. O-O Nc6 5. c3 e5 6. e4 Nge7 7. d3 O-O 8. Be3 d6 9. Nbd2 a6 10. a4 Rb8 11. Nc4 b5 12. axb5 axb5 13. Ncd2 h6 14. h3 Be6 15. Kh2 Qd7 16. Nb3 c4 17. Na5 cxd3 18. Nxc6 Qxc6 19. Ra7 Rb7 20. Rxb7 Qxb7 21.
Qxd3 Bc4 22. Qxd6 Bxf1 23. Bxf1 Qxe4 24. Nd2 Qb7 25. Bg2 Nf5 26. Qxf8+ Bxf8 27. Bxb7 b4 28. cxb4 Bxb4 29. Nc4 f6 30. Kg2 Kf7 31. Bd5+ Ke7 32. g4 Nxe3+ 33. fxe3 Bc5 34. Kf3 Ba7 35. Be4 Ke6 36.
Bxg6 Kd5 37. Nd2 Bc5 38. Bf7+ Kc6 39. Ne4 Be7 40. Ng3 Kb5 41. Nf5 Bf8 42. b3 Kc5 43. Ke4 Kb4 44. Bc4 Kc5 45. Nh4 Kb4 46. Kf5 Kc3 47. Kxf6 Kd2 48. Nf5 e4 49. h4 Ke1 50. g5 hxg5 51. hxg5 1-0

[Event "Late-Titled-Tuesday-Blitz-September-26-2023"]
[Site "Chess.com"]
[Date "2023.09.26"]
[Round "1"]
[White "EsmeraldasAnderson03"]
[Black "DonkyDonkyDonkey"]
[Result "0-1"]
[WhiteElo "2415"]
[BlackElo "2754"]
[TimeControl "180+1"]
[EndTime "14:06:30 PDT"]
[Termination "DonkyDonkyDonkey won on time"]

1. d4 Nf6 2. c4 g6 3. Bf4 Bg7 4. h3 O-O 5. Bh2 d5 6. cxd5 Nxd5 7. e4 Nb6 8. Nf3 c5 9. e5 cxd4 10. Nxd4 Qd5 11. Nc3 Qd8 12. Be2 Nc6 13. Nxc6 bxc6 14. O-O Be6 15. Bf3 Rc8 16. Qc2 Nc4 17. Rfd1 Qa5 18.
Re1 Rb8 19. b3 Nxe5 20. Be4 Rbd8 21. Rad1 Rxd1 22. Rxd1 f5 23. Ne2 fxe4 24. Nd4 Bd5 25. Bg3 Qb6 26. Ne2 Nd3 27. Rf1 Be5 28. Bxe5 Nxe5 29.
Qc3 Nd3 30. Nd4 Nf4 0-1

[Event "Late-Titled-Tuesday-Blitz-September-26-2023"]
[Site "Chess.com"]
[Date "2023.09.26"]
[Round "1"]
[White "Orest_Vovk"]
[Black "MikeSailer"]
[Result "1-0"]
[WhiteElo "2565"]
[BlackElo "2217"]
[TimeControl "180+1"]
[EndTime "14:06:30 PDT"]
[Termination "Orest_Vovk won on time"]

1. h4 b5 2. h5 Bb7 3. d4 e6 4. h6 Nxh6 5. Bxh6 gxh6 6. e3 a6 7. Nf3 c5 8. c3 cxd4 9. cxd4 Nc6 10. Nbd2 Qf6 11. a3 Rg8 12. Rh4 Rc8 13. Rf4 Qg6 14. Ne4 Be7 15. Nh4 Qg7 16. Qh5 d5 17. Ng3 Bxh4 18.
Rxh4 Ne7 19. Qxh6 Qxh6 20. Rxh6 Rh8 21. Bd3 Ng6 22. Nh5 Kf8 23. Kd2 f5 24. g4 Ne7 25.
Rxe6 Kf7 26. Rf6+ Ke8 27. gxf5 Rg8 28. Re6 Kf7 29. Rb6 Rc7 30. Nf4 Bc8 31. f6 Ng6 32.
Nxd5 Rd7 33. Nc3 Nh4 34. Be4 Bb7 35. Rxb7 1-0

[Event "Late-Titled-Tuesday-Blitz-September-26-2023"]
[Site "Chess.com"]
[Date "2023.09.26"]
[Round "1"]
[White "BahadirOzen"]
[Black "ATM622"]
[Result "1-0"]
[WhiteElo "2803"]
[BlackElo "2433"]
[TimeControl "180+1"]
[EndTime "14:06:39 PDT"]
[Termination "BahadirOzen won on time"]

1. g3 Nf6 2. Nf3 g6 3. Bg2 Bg7 4. O-O O-O 5. d3 d6 6. c4 c5 7.
Nc3 Nc6 8. a3 e5 9. Bg5 h6 10.
Bxf6 Bxf6 11. Ne1 Nd4 12. Nc2 Rb8 13. Ne3 a6 14. Ned5 Bg7 15. e3 Ne6 16. b4 b5 17.
Rb1 Bd7 18. Rb3 cxb4 19. axb4 f5 20. Ra3 Bc8 21. Qb3 Kh8 22. cxb5 axb5 23. Ra7 Bb7 24. Nxb5 Bc6 25. Nbc3 Nc5 26. Qc4 Bxd5 27. Nxd5 Ne6 28.
Ne7 Rf6 29. Nc6 Qb6 30. Ra6 Qc7 31. Nxb8 Qxb8 32. Ra8 1-0

[Event "Late-Titled-Tuesday-Blitz-September-26-2023"]
[Site "Chess.com"]
[Date "2023.09.26"]
[Round "1"]
[White "only_strong_moves"]
[Black "protectiago"]
[Result "1-0"]
[WhiteElo "2522"]
[BlackElo "2061"]
[TimeControl "180+1"]
[EndTime "14:06:40 PDT"]
[Termination "only_strong_moves won by resignation"]

1. d4 Nf6 2. Nc3 d5 3. Bf4 c6 4. e3 e6 5. Nf3 Bd6 6. Ne5 O-O 7. Bd3 h6 8. g4 Bxe5 9. Bxe5 Nfd7 10. Bg3 e5 11.
dxe5 Re8 12. f4 Qb6 13. Qd2 Nc5 14. O-O Bxg4 15. f5 Nxd3 16. cxd3 d4 17. exd4 Qxd4+ 18. Kg2 Nd7 19. Rf4 Qxe5 20. Rxg4 Qxf5 21. Rf4 Qg6 22. Kh1 Ne5 23. Re4 Qf5 24. Qe2 f6 25. Rf1 Qd7 26.
Bxe5 fxe5 27. Nd1 Re6 28. Ne3 Rg6 29. Ng4 Qd5 30. Nxe5 Re6 31. Nf3 Rae8 32. Re1 Qxa2 33. Rxe6 1-0

[Event "Late-Titled-Tuesday-Blitz-September-26-2023"]
[Site "Chess.com"]
[Date "2023.09.26"]
[Round "1"]
[White "HajiyevKanan"]
[Black "elcala"]
[Result "1-0"]
[WhiteElo "2506"]
[BlackElo "1722"]
[TimeControl "180+1"]
[EndTime "14:06:41 PDT"]
[Termination "HajiyevKanan won by resignation"]

1. d4 f5 2. Bg5 Nf6 3. Bxf6 gxf6 4. e3 e6 5. Qh5+ Ke7 6. d5 Qe8 7. Qh3 Qg6 8. Bd3 Bg7 9. Nc3 b6 10. O-O-O Bb7 11. Nge2 c6 12. dxe6 dxe6 13. Bc4 Ba6 14. Nf4 Qg4 15. Bxe6 Qxh3 16. gxh3 Bh6 17. Bxf5 Bxf4 18.
exf4 Kf7 19. Rhe1 Bc4 20. b3 Ba6 21. h4 Bc8 22. Bxc8 Rxc8 23. h5 Na6 24. f5 Rd8 25.
Ne4 Nb4 26. Nd6+ Kf8 27. Re6 Nd5 28. c4 Rxd6 29. Rxd6 Nc3 30. Rd8+ Rxd8 31. Rxd8+ Ke7 32. Ra8 Kd6 33. Rxa7 Ke5 34. Rxh7 Kxf5 35. Kb2 Ne4 36. f3 Ng5 37. Rc7 Nxf3 38. h6 Ng5 39. h4 Ne6 40.
Rxc6 Nc7 41. Rxc7 1-0

[Event "Late-Titled-Tuesday-Blitz-September-26-2023"]
[Site "Chess.com"]
[Date "2023.09.26"]
[Round "1"]
[White "subham777"]
[Black "MajorCoast"]
[Result "1-0"]
[WhiteElo "2601"]
[BlackElo "2279"]
[TimeControl "180+1"]
[EndTime "14:06:42 PDT"]
[Termination "subham777 won by resignation"]

1. e4 c6 2. c4 d5 3. cxd5 cxd5 4. exd5 Nf6 5. Nf3 g6 6. Nc3 Bg7 7. d4 O-O 8. Bc4 Nbd7 9. d6 exd6 10. O-O Nb6 11.
Bb3 Bg4 12. h3 Bf5 13. Re1 d5 14. Bg5 Qd6 15. Rc1 a6 16. Ne5 Ne4 17. Nxe4 Bxe4 18. Nf3 Bxf3 19. Qxf3 Bxd4 20. Be7 Qb4 21. Bxf8 Rxf8 22.
Bxd5 Qxb2 23. Rb1 Qd2 24. Red1 Qc2 25. Rbc1 Qb2 26. Bb3 Bg7 27. Rc7 Nc8 28. Rxf7 Kh8 29. Rxf8+ 1-0

[Event "Late-Titled-Tuesday-Blitz-September-26-2023"]
[Site "Chess.com"]
[Date "2023.09.26"]
[Round "1"]
[White "Maksimus1998"]
[Black "AlexandraBotez"]
[Result "1-0"]
[WhiteElo "2573"]
[BlackElo "2243"]
[TimeControl "180+1"]
[EndTime "14:06:42 PDT"]
[Termination "Maksimus1998 won by resignation"]

1. g3 g6 2. Bg2 Bg7 3. e4 d6 4.
d4 Nd7 5. Nc3 Ngf6 6. Nge2 O-O 7. O-O e5 8. h3 b6 9. Be3 Bb7 10. d5 a5 11. f4 Ba6 12. f5 Nc5 13. g4 gxf5 14. Rxf5 Kh8 15. Ng3 Bc8 16. Rf2 Ng8 17. Qd2 Nd7 18. Raf1 Ba6 19. Nce2 Qe8 20. Nf5 f6 21. Bf3 Rf7 22. g5 Nf8 23. Bh5 Ng6 24. Bxg6 hxg6 25. Nh4 Rf8 26. Rg2 Ne7 27. gxf6 Rxf6 28.
Rxf6 Bxf6 29. Bg5 Bg7 30. Bxe7 Bxe2 31. Qxe2 Kh7 32. Nxg6 Qf7 33. Qh5+ Kg8 34. Rf2 1-0

[Event "Late-Titled-Tuesday-Blitz-September-26-2023"]
[Site "Chess.com"]
[Date "2023.09.26"]
[Round "1"]
[White "djano"]
[Black "emeli_chess"]
[Result "1-0"]
[WhiteElo "2662"]
[BlackElo "2357"]
[TimeControl "180+1"]
[EndTime "14:06:43 PDT"]
[Termination "djano won by resignation"]

1. e4 e5 2. Nf3 Nc6 3. d4 exd4 4. Nxd4 Bc5 5. Nb3 Bb6 6. Nc3 a5 7. Nd5 Ba7 8. a4 Nge7 9. Bf4 d6 10. Qd2 O-O 11.
Bc4 Nxd5 12. Bxd5 Nb4 13. Bg5 Qe8 14. O-O Nxd5 15. exd5 Qe5 16. c3 Bb6 17. Bf4 Qh5 18.
Bg3 Bd7 19. c4 Rfe8 20. Nd4 Bxd4 21. Qxd4 b6 22. h3 Re2 23. Rfe1 Rae8 24. Rxe2 Qxe2 25.
Qc3 Bf5 26. b4 Qd3 27. Qxd3 Bxd3 28. bxa5 bxa5 29. c5 Bc4 30. Rd1 Rd8 31. c6 Bb3 32.
Rd4 Re8 33. f3 f6 34. Bf4 Kf7 35. Bd2 Re2 36. Bxa5 Ra2 37. Bxc7 Bxa4 38. Bxd6 Bb3 39. Bb4 Rc2 40. d6 Rxc6 41. d7 1-0

[Event "Late-Titled-Tuesday-Blitz-September-26-2023"]
[Site "Chess.com"]
[Date "2023.09.26"]
[Round "1"]
[White "Rodalquilar"]
[Black "RIPOL"]
[Result "1-0"]
[WhiteElo "2753"]
[BlackElo "2413"]
[TimeControl "180+1"]
[EndTime "14:06:47 PDT"]
[Termination "Rodalquilar won on time"]

1. d4 Nf6 2. Nf3 d5 3. Bf4 Bf5 4. e3 c6 5. c4 Bxb1 6. Qxb1 e6 7. Bd3 Bb4+ 8. Ke2 Be7 9. Rd1 O-O 10. b4 dxc4 11. Bxc4 Nd5 12. Bxd5 cxd5 13. Ne5 Nd7 14. Qb3 Nxe5 15. Bxe5 Qb6 16. b5 Rfc8 17. a4 a6 18.
Rac1 axb5 19. Qxb5 Qxb5+ 20. axb5 f6 21. Bc7 Kf8 22. g4 Ke8 23. h4 Kd7 24. b6 Ra2+ 25.
Kf3 Rb2 26. Kg3 h6 27. h5 Rb3 28. Kf4 Rb4 29. f3 Rb3 30. e4 dxe4 31. fxe4 Rb4 32. d5 e5+ 33. Kf5 Rb2 34. Kg6 Rg2 35. Rg1 1-0

[Event "Late-Titled-Tuesday-Blitz-September-26-2023"]
[Site "Chess.com"]
[Date "2023.09.26"]
[Round "1"]
[White "Druid24"]
[Black "micke12a"]
[Result "1-0"]
[WhiteElo "2667"]
[BlackElo "2366"]
[TimeControl "180+1"]
[EndTime "14:06:47 PDT"]
[Termination "Druid24 won by resignation"]

1. e4 c5 2. Nc3 a6 3. g3 b5 4. Bg2 Bb7 5. Nge2 e6 6. d4 cxd4 7. Nxd4 Nf6 8. a3 d5 9. exd5 Nxd5 10. Ne4 Be7 11. O-O O-O 12. h4 Nd7 13. h5 h6 14. c3 Nc5 15. Nxc5 Bxc5 16. Re1 Qb6 17. Qg4 Nf6 18. Qh4 Bxg2 19. Kxg2 Bxd4 20. cxd4 Qc6+ 21. f3 Qc2+ 22. Kg1 Qf5 23. Bxh6 gxh6 24. Re5 Qxf3 25. Rf1 Qg4 26. Rxf6 Qxh4 27. gxh4 Kg7 28. Rf4 Rac8 29.
Re2 Rc7 30. Rg2+ Kh7 31. Kh2 Rg8 32. Rgf2 f5 33. Re2 Rc6 34. d5 e5 35. dxc6 exf4 36.
c7 f3 37. Rd2 f2 38. Rxf2 Rc8 39. Rc2 Kg7 40. Rc6 a5 41. Kg3 b4 42. Kf4 bxa3 43. bxa3 1-0

[Event "Late-Titled-Tuesday-Blitz-September-26-2023"]
[Site "Chess.com"]
[Date "2023.09.26"]
[Round "1"]
[White "FMVolodymyrSakun"]
[Black "Dontmesswithme_2"]
[Result "0-1"]
[WhiteElo "2658"]
[BlackElo "2401"]
[TimeControl "180+1"]
[EndTime "14:06:48 PDT"]
[Termination "Dontmesswithme_2 won on time"]

1. e4 e6 2. d4 d5 3. e5 c5 4. c3 Nc6 5. Nf3 Qb6 6. Bd3 Bd7 7. O-O cxd4 8. a3 Nge7 9. h4 Rc8 10. Re1 f6 11.
cxd4 Nxd4 12. Nxd4 Rxc1 13. Qxc1 Qxd4 14. Qc3 fxe5 15.
Rxe5 Qxh4 16. Nd2 Nc6 17. Nf3 Qf6 18. Re2 Bd6 19. Qb3 O-O 20. Qxb7 Rf7 21. Qa6 Qh6 22. Rc2 Rxf3 23. Rxc6 Qh2+ 24. Kf1 Qh1+ 25. Ke2 Qxg2 26. Rxd6 Rxf2+ 27. Ke1 Rxb2 28. Be2 Qg1+ 0-1

[Event "Late-Titled-Tuesday-Blitz-September-26-2023"]
[Site "Chess.com"]
[Date "2023.09.26"]
[Round "1"]
[White "GMJustin"]
[Black "Artyom_ChessMate"]
[Result "1-0"]
[WhiteElo "2230"]
[BlackElo "2540"]
[TimeControl "180+1"]
[EndTime "14:06:50 PDT"]
[Termination "GMJustin won by resignation"]

1. d4 d5 2. c4 e6 3. Nc3 Nf6 4.
Bg5 c5 5. cxd5 cxd4 6. Qxd4 Be7 7. e3 exd5 8. Bb5+ Nc6 9. Nf3 O-O 10. Bxc6 bxc6 11. O-O h6 12. Bh4 Qb6 13. Na4 Qxd4 14.
exd4 Rb8 15. b3 Bd6 16. Bxf6 gxf6 17. Rac1 Bd7 18. Nc5 Bxc5 19. Rxc5 Rfe8 20. Re1 Kf8 21. Kf1 Rxe1+ 22. Kxe1 Rb5 23. Kd2 Ke7 24. Kc3 a5 25. a4 Rxc5+ 26. dxc5 Ke6 27. b4 axb4+ 28. Kxb4 Kf5 29.
Ka5 Ke4 30. Kb6 d4 31. a5 Bc8 32. a6 Bxa6 33. Kxa6 d3 34. Kb6 Kd5 35. g4 Ke4 36. Nd2+ Kd5 37. h3 f5 38. gxf5 f6 39. f4 h5 40. h4 Kd4 41. Kxc6 Ke3 42. Nb3 Kxf4 43. Kd5 Kxf5 44. c6 Kg4 45. c7 f5 46. c8=Q Kxh4 47.
Qxf5 d2 48. Nxd2 Kg3 49. Qxh5 Kf2 50. Qf3+ Ke1 51. Qg2 Kd1 52. Nf3 Kc1 53. Qd2+ Kb1 54. Nd4 Ka1 55. Kc4 Kb1 56. Kc3 1-0

[Event "Late-Titled-Tuesday-Blitz-September-26-2023"]
[Site "Chess.com"]
[Date "2023.09.26"]
[Round "1"]
[White "Good_Knight_Kiss"]
[Black "Iball95"]
[Result "0-1"]
[WhiteElo "2418"]
[BlackElo "2768"]
[TimeControl "180+1"]
[EndTime "14:06:51 PDT"]
[Termination "Iball95 won on time"]

1. e4 c5 2. Nf3 e6 3. d4 cxd4 4.
Nxd4 Nf6 5. Nc3 Nc6 6. Ndb5 Bc5 7. Nd6+ Ke7 8. Bf4 e5 9. Nf5+ Kf8 10. Bg5 Bb4 11.
Bxf6 Qxf6 12. Bc4 d5 13. Bxd5 Bxf5 14. exf5 Rd8 15. O-O Ne7 16. Ne4 Qxf5 17. Ng3 Qf4 18. c4 g6 19. Qb3 Nxd5 20. Rad1 Kg7 21. cxd5 b6 22. Qa4 Rhe8 23. a3 Bc5 24. Qxa7 h5 25. b4 Bd4 26. Ne2 Qf6 27. Nxd4 exd4 28. Qb7 Re5 29.
Rd3 Rdxd5 30. Rf3 Qe6 31. g3 d3 32. Qa6 d2 33. Rd3 Re1 34. Rxd5 Qxd5 0-1